 Dungeon Crawl Stone Soup version 0.18.1-48-g4cf74bf (webtiles) character file.

197152 rjaguar3 the Warrior (level 17, -10/159 HPs)
             Began as a Minotaur Berserker on June 20, 2016.
             Was a High Priest of Trog.
             Mangled by a greater naga
             ... wielding a +0 halberd
              (14 damage)
             ... on level 4 of the Snake Pit on June 25, 2016.
             The game lasted 04:27:17 (37442 turns).

rjaguar3 the Warrior (Minotaur Berserker)          Turns: 37442, Time: 04:27:18

Health: -10/159    AC: 24    Str: 28    XL:     17   Next: 77%
Magic:  24/24      EV: 12    Int:  4    God:    Trog [*****.]
Gold:   1893       SH:  0    Dex: 14    Spells: 0 memorised, 16 levels left

rFire  + . .     SeeInvis .     V - +6 mace (distort)
rCold  . . .     Gourm    +     n - +4 plate armour {rF+}
rNeg   + . .     Faith    .     Z - +2 buckler
rPois  +         Spirit   .     (helmet restricted)
rElec  .         Dismiss  .     (no cloak)
rCorr  +         Reflect  .     Q - +0 pair of gloves
SustAt .         Harm     .     S - +0 pair of boots
MR     +++++                    F - amulet of Discord {Gourm rPois MR++ Str-3 Dex+3}
Stlth  ..........               O - ring of the Special Gods {Wiz rPois Slay+2}
                                U - ring "Myaclaer" {rCorr rN+ Str+3}

@: confused, lethally poisoned (-10 -> -10), exhausted, regenerating, slowed,
constricted, very slow, almost entirely resistant to hostile enchantments,
extremely unstealthy
A: retaliatory headbutt, horns 2
a: Berserk, Trog's Hand, Brothers in Arms, Burn Spellbooks, Renounce Religion
}: 1/15 runes: decaying


You were on level 4 of the Snake Pit.
You worshipped Trog.
Trog was extremely pleased with you.
You were not hungry.

You visited 5 branches of the dungeon, and saw 28 of its levels.

You collected 2571 gold pieces.
You spent 678 gold pieces at shops.

Inventory:

Hand Weapons
 a - a +7 blowgun
 V - a +6 mace of distortion (weapon)
 X - a +1 hunting sling of freezing
Missiles
 e - 4 tomahawks of dispersal (quivered)
 l - 231 sling bullets
 x - 6 poisoned javelins
 D - 4 exploding tomahawks
Armour
 n - a +4 plate armour of fire resistance (worn)
 Q - a +0 pair of gloves (worn)
 S - a +0 pair of boots (worn)
 Z - a +2 buckler (worn)
Rods
 W - a +0 rod of clouds (13/13)
   (You found it on level 8 of the Lair of Beasts)
Jewellery
 t - a +6 ring of dexterity
 F - the amulet of Discord (around neck) {Gourm rPois MR++ Str-3 Dex+3}
   (You found it on level 7 of the Lair of Beasts)

   [amulet of the gourmand]

   It allows you to eat raw meat even when not hungry.
   It affects your strength (-3).
   It affects your dexterity (+3).
   It protects you from poison.
   It affects your resistance to hostile enchantments.
 I - a +5 ring of protection
 O - the ring of the Special Gods (right hand) {Wiz rPois Slay+2}
   (You found it on level 8 of the Lair of Beasts)

   [ring of wizardry]

   It improves your spell success rate.
   It affects your accuracy and damage with ranged weapons and melee attacks
   (+2).
   It protects you from poison.
 T - an uncursed ring of flight
 U - the ring "Myaclaer" (left hand) {rCorr rN+ Str+3}
   (You found it on level 3 of the Swamp)

   [ring of resist corrosion]

   It affects your strength (+3).
   It protects you from negative energy.
Wands
 b - a wand of enslavement (9/24)
 d - a wand of digging (9/24)
 h - a wand of flame (26/48)
 o - a wand of lightning (7/15)
 w - a wand of iceblast (9/15)
 y - a wand of paralysis (10/24)
Scrolls
 j - 2 scrolls of magic mapping {unknown}
 s - 12 scrolls of teleportation
 u - 5 scrolls of fog
 B - 13 scrolls of remove curse
 C - 4 scrolls of enchant armour
 E - 2 scrolls of amnesia {unknown}
 M - 2 scrolls of summoning
 R - a scroll of random uselessness {unknown}
Potions
 f - 5 potions of flight
 k - 2 potions of might
 r - 2 potions of invisibility
 v - 9 potions of curing
 G - 2 potions of haste
 H - 5 potions of agility
 J - 3 potions of cancellation
 L - 2 potions of resistance
 P - a potion of cure mutation {unknown}
Miscellaneous
 Y - a phial of floods
Comestibles
 c - 16 bread rations
 m - 16 meat rations
 p - 7 beef jerkies
 q - 4 slices of pizza
 z - 3 royal jellies
 N - 7 fruits


   Skills:
 + Level 16.5 Fighting
   Level 12.6(15.0) Axes
 + Level 13.5(15.3) Maces & Flails
   Level 4.0(9.2) Polearms
 + Level 2.4(6.1) Slings
 + Level 8.0(8.2) Throwing
 + Level 15.8 Armour
 + Level 14.5 Dodging
 + Level 5.5 Stealth
 + Level 8.1 Shields
 * Level 10.9 Evocations


You had 16 spell levels left.
You didn't know any spells.

Dungeon Overview and Level Annotations

Branches:
Dungeon (10/15)            Temple (0/1) D:5            Lair (8/8) D:8
  Swamp (4/4) Lair:5        Snake (4/4) Lair:3        Slime (0/6) Lair:6
    Orc (2/2) D:10            Elf (0/3) Orc:2

Altars:
Dithmenos
Gozag
Kikubaaqudgha
Makhleb
Okawaru
Pakellas
Ru
Sif Muna
Trog
Vehumet
Yredelemnul
Zin
The Shining One
Jiyva

Shops:
D:5 }   D:10 !   Orc:2 *:[(   Snake:2 !

Annotations:
D:2 Sigmund
D:4 exclusion: balrug
Lair:2 exclusion: griffon
Lair:4 exclusions: electric eel and 2 oklob plants
Snake:4 bear's ghost, adept MiGl


Innate Abilities, Weirdness & Mutations

You reflexively headbutt those who attack you in melee.
You have a pair of horns on your head.


Message History

Your black mamba bites the naga mage!
Your black mamba completely misses the naga mage.
Your black mamba bites the naga mage!
The naga mage dies!
Trog accepts your kill.
Trog appreciates your killing of a magic user.
The guardian serpent casts a spell at you.
The bolt of poison hits the guardian serpent.
The bolt of poison hits you!
You are more poisoned.
You resist.
* * * LOW HITPOINT WARNING * * *
The bolt of poison hits the naga mage.
The naga mage dies!
The naga sharpshooter casts a spell.
The naga sharpshooter magically shoots a bolt.
The bolt hits you.
* * * LOW HITPOINT WARNING * * *
The greater naga hits you from afar with a halberd!
You die... #..)..#..#....## ..### #..#..#..'..[... .N.#. #..#).#..#..#... ..N... #..#.[#..'..#..# ⌠.NNN. #..#))...####### NNNN#

#..#............
#NNS##..#.......#####
#.NS#NN.#.......#
#SNS@)S.##......#
####NN)S.#####....#
###..##..S.#...#....##
###.....##..##.........#
#######........####..........#
........................)....#
.............)..............##
....).......................#
............#####.<.........###


You could see 4 greater nagas, 2 naga sharpshooters, an anaconda, 2 naga
ritualists, 3 guardian serpents, 4 naga magi, 4 nagas, 3 friendly black mambas
and a friendly naga.

Vanquished Creatures
  Agnes (Snake:1)
  5 thorn hunters
  5 greater nagas
  An orc warlord (Orc:2)
  5 dire elephants (Lair:8)
  24 hydras
  A ghost crab (Swamp:2)
  13 anacondas
  5 naga warriors
  11 death yaks
  6 alligators
  The ghost of simples the Carver, a novice FoFi of Cheibriados (D:9)
  3 orc high priests (Orc:2)
  7 naga sharpshooters
  6 shock serpents
  3 salamander mystics
  4 shambling mangroves
  A sea snake (Snake:2)
  5 naga ritualists
  9 swamp dragons
  A hill giant (D:10)
  3 orc knights (Orc:2)
  14 mana vipers
  A griffon (Lair:7)
  2 hornets (Swamp:3)
  9 salamanders
  2 orc sorcerers
  3 cyclopes
  7 guardian serpents
  14 naga magi
  40 black mambas
  13 elephants (Lair:8)
  A gargoyle (D:10)
  18 spiny frogs
  7 rime drakes
  9 komodo dragons
  4 trolls
  9 giant leeches
  A polar bear (Lair:5)
  17 blink frogs
  11 bog bodies
  Prince Ribbit (Lair:2)
  A vampire (Swamp:2)
  2 shadows
  51 yaks
  18 spriggans
  4 basilisks
  A wraith (D:10)
  5 hippogriffs
  A hungry ghost (D:8)
  4 wargs
  A mottled dragon (D:8)
  15 insubstantial wisps
  18 vampire mosquitoes
  20 swamp worms
  42 nagas
  13 water moccasins
  10 porcupines
  2 black bears (D:8)
  13 wasps
  32 orc warriors
  2 ice beasts (D:6)
  2 sky beasts
  13 swamp drakes
  A necrophage (D:10)
  6 phantoms
  17 wolves
  10 ogres
  2 centaurs (D:6)
  12 crocodiles
  2 big kobolds
  20 giant frogs
  4 scorpions
  2 howler monkeys
  3 electric eels
  A giant frog zombie (D:8)
  A jelly (D:7)
  4 crimson imps
  2 quasits
  12 orc priests
  6 hounds
  19 orc wizards
  3 giant frog skeletons
  Jessica (D:3)
  13 iguanas
  10 hell rats (Lair:6)
  7 worker ants
  15 sheep
  A hound zombie (D:6)
  A hound skeleton (D:4)
  A howler monkey zombie (D:6)
  A worker ant zombie (D:6)
  21 adders
  16 gnolls
  41 river rats
  A shadow imp (D:8)
  An ooze (D:3)
  4 adder skeletons
  3 adder zombies
  3 dart slugs
  A worm (D:5)
  6 giant geckos
  84 orcs
  9 bats
  4 giant cockroaches
  5 goblins
  10 hobgoblins
  11 jackals
  6 quokkas
  6 giant newts
  13 kobolds
  A quokka skeleton (D:6)
  19 rats
  2 briar patches (Swamp:4)
  2 butterflies (Lair:6)
  8 fungi
  7 plants
1034 creatures vanquished.

Vanquished Creatures (collateral kills)
  2 thorn hunters
  A fire dragon (Lair:7)
  A naga warrior (Snake:4)
  Erolcha (D:8)
  5 swamp dragons (Swamp:4)
  A salamander (Snake:4)
  2 naga magi (Snake:4)
  2 komodo dragons (D:8)
  A bog body (Swamp:1)
  A blink frog (Swamp:1)
  2 nagas (Snake:4)
  A swamp worm (Swamp:4)
  A crocodile (D:8)
21 creatures vanquished.

Vanquished Creatures (others)
  A greater naga (Snake:3)
  4 naga warriors
  5 anacondas
  A naga sharpshooter (Snake:2)
  A sea snake (Snake:2)
  A spriggan druid (Swamp:3)
  A naga ritualist (Snake:2)
  2 salamanders
  A naga mage (Snake:4)
  4 black mambas
  7 nagas
  3 briar patches
  11 fungi
  8 plants
50 creatures vanquished.

Grand Total: 1105 creatures vanquished

Notes
Turn   | Place    | Note
--------------------------------------------------------------
     0 | D:1      | rjaguar3 the Minotaur Berserker began the quest for the Orb.
     0 | D:1      | Reached XP level 1. HP: 19/19 MP: 0/0
    55 | D:1      | Reached skill level 4 in Fighting
   107 | D:1      | Reached XP level 2. HP: 27/27 MP: 1/1
   566 | D:1      | Reached XP level 3. HP: 28/33 MP: 2/2
   571 | D:1      | Reached ** piety under Trog
  1181 | D:2      | Found a sacrificial altar of Ru.
  1334 | D:2      | Reached XP level 4. HP: 40/40 MP: 3/3
  1380 | D:2      | Reached skill level 1 in Throwing
  1581 | D:2      | Noticed Sigmund
  2080 | D:3      | Noticed Jessica
  2082 | D:3      | Killed Jessica
  2313 | D:3      | Reached XP level 5. HP: 39/47 MP: 4/4
  2514 | D:3      | Reached *** piety under Trog
  2953 | D:4      | Reached XP level 6. HP: 37/55 MP: 5/5
  3259 | D:4      | Reached skill level 5 in Fighting
  3265 | D:4      | Reached skill level 5 in Maces & Flails
  3580 | D:4      | Found a shadowy altar of Dithmenos.
  3586 | D:4      | Reached skill level 5 in Armour
  3604 | D:4      | Found a burning altar of Makhleb.
  3604 | D:4      | Noticed a balrug
  3679 | D:5      | Entered Level 5 of the Dungeon
  3832 | D:5      | Reached XP level 7. HP: 61/61 MP: 6/6
  3862 | D:5      | Reached skill level 5 in Dodging
  3985 | D:5      | Found a staircase to the Ecumenical Temple.
  3986 | D:5      | Found a basalt altar of Yredelemnul.
  4099 | D:5      | Found Nipsueka's Gadget Boutique.
  4366 | D:5      | Reached **** piety under Trog
  4706 | D:5      | Reached skill level 6 in Fighting
  4706 | D:5      | Reached XP level 8. HP: 61/70 MP: 7/7
  4769 | D:6      | Reached skill level 1 in Axes
  4946 | D:6      | Found a radiant altar of Vehumet.
  4946 | D:6      | Found an ancient bone altar of Kikubaaqudgha.
  4947 | D:6      | Found a deep blue altar of Sif Muna.
  5318 | D:6      | Reached skill level 7 in Fighting
  5477 | D:6      | Reached skill level 1 in Stealth
  5477 | D:6      | Reached XP level 9. HP: 72/79 MP: 8/8
  5685 | D:6      | Reached skill level 8 in Fighting
  6483 | D:7      | Found a glowing silver altar of Zin.
  6483 | D:7      | Found an opulent altar of Gozag.
  6953 | D:7      | Found an iron altar of Okawaru.
  6953 | D:7      | Found an oddly glowing altar of Pakellas.
  7018 | D:8      | Reached XP level 10. HP: 82/90 MP: 9/9
  7138 | D:8      | Found a bloodstained altar of Trog.
  7537 | D:8      | Found a glowing golden altar of the Shining One.
  7851 | D:8      | Reached skill level 9 in Fighting
  7853 | D:8      | Noticed Erolcha
  7864 | D:8      | Killed Erolcha
  7893 | D:8      | Found a staircase to the Lair.
  7929 | Lair:1   | Entered Level 1 of the Lair of Beasts
  7929 | Lair:1   | Noticed a spiny frog
  7932 | Lair:1   | Killed a spiny frog
  7932 | Lair:1   | Reached skill level 10 in Dodging
  8863 | Lair:1   | Noticed a spiny frog
  8868 | Lair:1   | Killed a spiny frog
  8868 | Lair:1   | Reached XP level 11. HP: 99/99 MP: 10/10
  8975 | Lair:1   | Reached ***** piety under Trog
  9039 | Lair:1   | Noticed an eight-headed hydra
  9275 | Lair:2   | Received a gift from Trog
  9275 | Lair:2   | Reached skill level 10 in Fighting
  9904 | Lair:2   | Reached skill level 5 in Throwing
  9967 | Lair:2   | Noticed a griffon
 10016 | Lair:2   | Noticed Prince Ribbit
 10032 | Lair:2   | Killed Prince Ribbit
 10675 | Lair:3   | Received a gift from Trog
 10928 | Lair:3   | Found a staircase to the Snake Pit.
 11226 | Lair:3   | Received a gift from Trog
 11663 | Lair:3   | Noticed a death yak
 11664 | Lair:3   | Noticed a death yak
 11674 | Lair:3   | Noticed a death yak
 11676 | Lair:3   | Noticed a death yak
 11677 | Lair:3   | Noticed a death yak
 11692 | Lair:3   | Killed a death yak
 11739 | Lair:3   | Noticed a death yak
 11741 | Lair:3   | Killed a death yak
 11741 | Lair:3   | Reached skill level 11 in Fighting
 11925 | Lair:4   | Reached skill level 5 in Axes
 12016 | Lair:4   | Reached XP level 12. HP: 72/110 MP: 11/11
 12198 | Lair:4   | Reached skill level 10 in Armour
 12756 | Lair:5   | Found a staircase to the Swamp.
 13747 | Lair:6   | Reached skill level 12 in Fighting
 13799 | Lair:6   | Found a staircase to the Slime Pits.
 13799 | Lair:6   | Found a viscous altar of Jiyva.
 14104 | Lair:6   | Noticed a five-headed hydra
 14341 | Lair:6   | Received a gift from Trog
 14429 | Lair:6   | Reached ****** piety under Trog
 14429 | Lair:6   | Reached skill level 1 in Evocations
 14704 | Lair:6   | Killed a five-headed hydra
 15297 | Lair:7   | Reached XP level 13. HP: 100/119 MP: 13/13
 15668 | Lair:7   | Noticed a fire dragon
 15678 | Lair:7   | Killed a fire dragon
 15678 | Lair:7   | Reached skill level 5 in Stealth
 15680 | Lair:7   | Received a gift from Trog
 15776 | Lair:7   | Got a translucent jade amulet
 16183 | Lair:7   | Reached skill level 10 in Axes
 16399 | Lair:8   | Entered Level 8 of the Lair of Beasts
 16654 | D:9      | Noticed simples's ghost (novice FoFi)
 16661 | D:9      | Killed simples's ghost
 16661 | D:9      | Reached skill level 13 in Fighting
 16793 | D:9      | Identified the amulet of Discord {Gourm rPois MR++ Str-3 Dex+3} (You found it on level 7 of the Lair of Beasts)
 17767 | D:10     | Entered Level 10 of the Dungeon
 17866 | D:10     | Found an oddly glowing altar of Pakellas.
 17935 | D:10     | Found Ehaext's Distillery.
 17949 | D:10     | Bought a potion of cancellation for 88 gold pieces
 17949 | D:10     | Bought a potion of cancellation for 88 gold pieces
 17949 | D:10     | Bought a potion of mutation for 27 gold pieces
 18301 | D:10     | Found a staircase to the Orcish Mines.
 18305 | Orc:1    | Entered Level 1 of the Orcish Mines
 18431 | Orc:1    | Received a gift from Trog
 18478 | Orc:2    | Entered Level 2 of the Orcish Mines
 18761 | Orc:2    | Found Bunapryokhli's Antique Armour Emporium.
 18798 | Orc:2    | Noticed an orc warlord
 18798 | Orc:2    | Found Tutoym's General Store.
 19004 | Orc:2    | Killed an orc warlord
 19195 | Orc:2    | Found Meir's Antique Weapon Boutique.
 19258 | Orc:2    | Bought a runed blowgun for 75 gold pieces
 19344 | Orc:2    | Reached skill level 1 in Shields
 19351 | Orc:2    | Reached skill level 5 in Evocations
 19411 | Orc:2    | Found Kaeturr's Book Shoppe.
 19501 | Orc:2    | Found a staircase to the Elven Halls.
 19520 | Orc:2    | Reached XP level 14. HP: 126/129 MP: 16/16
 19901 | Orc:1    | Received a gift from Trog
 21484 | Lair:8   | Identified a +0 rod of clouds (13/13) (You found it on level 8 of the Lair of Beasts)
 22509 | Lair:8   | Reached skill level 14 in Fighting
 22639 | Lair:8   | Got a scorched glass ring
 22641 | Lair:8   | Identified the ring of the Special Gods {Wiz rPois Slay+2} (You found it on level 8 of the Lair of Beasts)
 22701 | Lair:8   | Received a gift from Trog
 22718 | Lair:8   | Got a faintly glowing halberd {god gift}
 22724 | Lair:8   | Identified the +12 halberd of Orb Guardian's Peril {speed, MR+} (Trog gifted it to you on level 8 of the Lair of Beasts)
 22797 | Swamp:1  | Entered Level 1 of the Swamp
 23747 | Swamp:1  | Reached skill level 1 in Polearms
 23793 | Swamp:1  | Noticed a thorn hunter
 23807 | Swamp:1  | Killed a thorn hunter
 23986 | Swamp:1  | Noticed a thorn hunter
 24014 | Swamp:1  | Killed a thorn hunter
 24014 | Swamp:1  | Reached XP level 15. HP: 73/138 MP: 19/19
 24152 | Swamp:1  | Reached skill level 1 in Slings
 24759 | Swamp:2  | Noticed a thorn hunter
 24800 | Swamp:2  | Killed a thorn hunter
 24938 | Swamp:1  | Upgraded the game from 0.18.1-47-g9310371 to 0.18.1-48-g4cf74bf
 25698 | Swamp:2  | Received a gift from Trog
 26387 | Swamp:2  | Reached skill level 10 in Maces & Flails
 26737 | Swamp:3  | Received a gift from Trog
 27150 | Swamp:3  | Noticed a thorn hunter
 27172 | Swamp:3  | Killed a thorn hunter
 27251 | Swamp:3  | Got a smoking lapis lazuli ring
 27253 | Swamp:3  | Identified the ring "Myaclaer" {rCorr rN+ Str+3} (You found it on level 3 of the Swamp)
 27609 | Swamp:4  | Entered Level 4 of the Swamp
 27721 | Swamp:4  | Noticed a thorn hunter
 27750 | Swamp:4  | Killed a thorn hunter
 27902 | Swamp:4  | Noticed a thorn hunter
 28045 | Swamp:4  | Killed a thorn hunter
 28668 | Swamp:4  | Noticed a thorn hunter
 29050 | Swamp:3  | Reached XP level 16. HP: 101/147 MP: 21/21
 29481 | Swamp:4  | Received a gift from Trog
 29496 | Swamp:4  | Reached skill level 5 in Shields
 29583 | Swamp:4  | Killed a thorn hunter
 29583 | Swamp:4  | Reached skill level 15 in Fighting
 29738 | Swamp:4  | Got a decaying rune of Zot
 30423 | Snake:1  | Entered Level 1 of the Snake Pit
 30486 | Snake:1  | Noticed Agnes
 30496 | Snake:1  | Killed Agnes
 31800 | Snake:1  | Received a gift from Trog
 32225 | Snake:2  | Received a gift from Trog
 33106 | Snake:2  | Found Wioblik's Distillery.
 33158 | Snake:2  | Bought a potion of haste for 160 gold pieces
 33158 | Snake:2  | Bought 2 potions of heal wounds for 160 gold pieces
 33158 | Snake:2  | Bought a potion of heal wounds for 80 gold pieces
 33556 | Snake:2  | Reached skill level 10 in Evocations
 34025 | Snake:3  | Reached XP level 17. HP: 157/157 MP: 23/23
 34401 | Snake:3  | Received a gift from Trog
 34530 | Snake:4  | Entered Level 4 of the Snake Pit
 34533 | Snake:4  | Noticed bear's ghost (adept MiGl)
 34768 | Snake:4  | Reached skill level 16 in Fighting
 34906 | Snake:4  | Received a gift from Trog
 35336 | Snake:3  | Got a clouded lapis lazuli ring
 35354 | Snake:3  | Reached skill level 15 in Armour
 35472 | Snake:3  | Identified the ring "Posiuq" {MP+9 Str+2} (You took it off a naga warrior on level 3 of the Snake Pit)
 35921 | Snake:4  | Received a gift from Trog
 36121 | Snake:4  | Received a gift from Trog
 37440 | Snake:4  | HP: 5/159 [guardian serpent/bolt of poison (3)]
 37440 | Snake:4  | HP: 1/159 [anaconda (2)]
 37442 | Snake:4  | Mangled by a greater naga

Skill      XL: |  1  2  3  4  5  6  7  8  9 10 11 12 13 14 15 16 17 |
---------------+----------------------------------------------------+-----
Fighting       | 4 5 6 7 8 9 11 12 13 14 15 16 | 16.5
Maces & Flails | 4 5 6 7 9 10 12 13 | 13.5
Armour         | 3 4 5 6 7 9 10 11 13 14 15 | 15.8
Throwing       | 1 2 4 5 7 8 |  8.0
Dodging        | 3 4 5 6 8 10 12 13 14 | 14.5
Axes           | 2 5 9 11 12 | 12.6
Stealth        | 1 2 3 4 5 |  5.5
Evocations     | 2 5 6 8 10 | 10.9
Shields        | 1 3 4 6 8 |  8.1
Polearms       | 2 4 |  4.0
Slings         | 2 |  2.4

Action                   |  1- 3 |  4- 6 |  7- 9 | 10-12 | 13-15 | 16-18 || total
-------------------------+-------+-------+-------+-------+-------+-------++-------
Melee: Mace              |    69 |   139 |   233 |   182 |     5 |   784 ||  1412
       Headbutt          |     4 |    20 |    62 |   142 |   481 |   246 ||   955
       Hand axe          |       |     5 |    25 |   125 |   787 |       ||   942
       Battleaxe         |       |       |       |   223 |       |       ||   223
       Halberd           |       |       |       |       |   145 |       ||   145
       Whip              |       |       |       |       |   583 |    95 ||   678
 Fire: Hunting sling     |       |       |       |       |    28 |       ||    28
Throw: Tomahawk          |    14 |     8 |    15 |    30 |    40 |    15 ||   122
       Javelin           |       |       |       |    15 |    71 |     4 ||    90
Invok: Berserk           |     1 |     5 |    11 |    15 |    31 |    28 ||    91
       Trog's Hand       |       |       |     5 |     1 |     8 |    12 ||    26
       Burn Spellbooks   |       |       |     1 |       |       |       ||     1
       Brothers in Arms  |       |       |       |     1 |     4 |     5 ||    10
Evoke: Wand              |       |       |       |       |     4 |       ||     4
  Use: Scroll            |       |       |     7 |    10 |    11 |     6 ||    34
       Potion            |       |       |     2 |     1 |     4 |     7 ||    14
 Stab: Distracted        |       |       |     1 |     1 |       |       ||     2
       Sleeping          |       |       |       |    12 |     3 |       ||    15
  Eat: Chunk             |     2 |    12 |    23 |    38 |    87 |    46 ||   208
       Beef jerky        |       |     1 |       |       |     1 |       ||     2
       Pizza             |       |       |       |     3 |       |       ||     3
       Meat ration       |       |       |       |       |       |     2 ||     2
       Fruit             |       |       |       |       |       |     1 ||     1
Armor: Ring mail         |    20 |    36 |    18 |    48 |       |       ||   122
       Leather armour    |       |       |    20 |    56 |    37 |       ||   113
       Plate armour      |       |       |       |       |   501 |   404 ||   905
Dodge: Dodged            |    47 |    94 |   211 |   496 |   819 |   479 ||  2146
Block: Buckler           |       |       |       |       |   202 |   301 ||   503
